 Dungeon Crawl Stone Soup version 0.29.1-2-gbd0b4ee654 (webtiles) character file.

Game seed: 7162218895325134433

145 Avanven the Shooter (level 4, 0/36 HPs)
             Began as a Demigod Hunter on Nov 5, 2022.
             Killed by divine providence
             ... invoked by an orc priest
              (15 damage)
             ... on level 4 of the Dungeon.
             The game lasted 00:03:18 (2934 turns).

Avanven the Shooter (Demigod Hunter)                Turns: 2934, Time: 00:03:19

Health: 0/36       AC:  2    Str: 12    XL:     4   Next: 78%
Magic:  6/6        EV: 12    Int: 11    God:
Gold:   147        SH:  0    Dex: 21    Spells: 3/3 levels left

rFire   . . .      SeeInvis .   d - +0 arbalest
rCold   . . .      Faith    .   (shield currently unavailable)
rNeg    . . .      Spirit   .   c - +0 leather armour
rPois   .          Reflect  .   g - +1 hat
rElec   .          Harm     .   (no cloak)
rCorr   .          Rampage  .   (no gloves)
Will    .....                   (no boots)
Stlth   ++........              (no amulet)
HPRegen 0.12/turn               (no ring)
MPRegen 0.10/turn               (no ring)

@: studying Fire Magic
A: high MP 1, forlorn, divine attributes, deformed body
a: no special abilities


You were on level 4 of the Dungeon.
You visited 1 branch of the dungeon, and saw 4 of its levels.

You collected 147 gold pieces.

Inventory:

Hand Weapons
 a - a +0 shortbow
 d - a +0 arbalest (weapon)
Armour
 c - a +0 leather armour (worn)
 g - a +1 hat (worn)
Wands
 o - a wand of flame (14)
Scrolls
 b - a scroll of immolation
 f - 2 scrolls of noise {unknown}
 h - 2 scrolls of identify
 k - a scroll of magic mapping {unknown}
 n - a scroll of enchant armour
Potions
 e - 2 potions of lignification
 i - 2 potions of flight {unknown}
 j - a potion of heal wounds
 l - 2 potions of cancellation
 m - a potion of magic {unknown}


   Skills:
 - Level 1.7 Fighting
 * Level 5.8 Ranged Weapons
 - Level 1.7 Dodging
 - Level 0.8 Stealth


You had 3 spell levels left.
You didn't know any spells.
Your spell library contained the following spells:

 Spells                   Type           Power      Damage    Failure   Level
 Sting                    Tmut/Pois      0%         1d3       41%         1
 Summon Small Mammal      Summ           0%         N/A       41%         1
 Poisonous Vapours        Pois/Air       0%         N/A       56%         2
 Call Canine Familiar     Summ           0%         N/A       80%         3
 Summon Guardian Golem    Hex/Summ       0%         N/A       80%         3
 Olgreb's Toxic Radiance  Pois           0%         N/A       99%         4


Dungeon Overview and Level Annotations

Branches:
Dungeon (4/15)
 Temple: D:4-7

Annotations:
D:4 3 runed translucent doors, Prokkis's ghost, amateur DsWn


Innate Abilities, Weirdness & Mutations

You have an increased reservoir of magic. (+10% MP)
You shall have no god before yourself.
Your divine heritage dramatically boosts your attributes as you level up.
Armour fits poorly on your strangely shaped body.


Message History

The jelly quivers.
The jelly is severely wounded.
A jelly is nearby!
You shoot a bolt. The bolt hits the jelly!
You kill the jelly!
No target in view!
An orc comes into view. It is wielding a +0 club.
The orc shouts!
An orc priest comes into view. It is wielding a +0 whip.
There are monsters nearby!
You shoot a bolt. The orc priest shouts!
The bolt hits the orc!
You kill the orc!
An orc comes into view. It is wielding a +0 trident.
An orc comes into view. It is wielding a +0 flail.
You shoot a bolt. The bolt barely misses the orc priest.
The orc shouts!
The bolt hits the orc but does no damage.
The orc priest invokes the aid of Beogh against you.
Pain shoots through your body!
There are monsters nearby!
You shoot a bolt. The bolt hits the orc priest!
You kill the orc priest!
You hear a shout!
An orc priest comes into view. It is wielding a +0 mace.
You hear a shout!
There are monsters nearby!
You shoot a bolt. The bolt closely misses the orc.
The orc priest calls down the wrath of Beogh upon you.
Beogh smites you!
A hobgoblin comes into view.
You are too injured to fight recklessly!
You are too injured to fight recklessly!
You are too injured to fight recklessly!
You are too injured to fight recklessly!
You are too injured to fight recklessly!
The orc priest invokes the aid of Beogh against you.
Beogh smites you!
You die...

##.....#............
#.....##............
#...........###.#...
###.###.....#####...
###.......#.#
#...####.... ##.
##...### .##....
######.#.##....#
#...##...@o....#
#........##.......
##..##.### .o..##.
##.#### .....g. ###
.#.o... ##).... ..).
....


You could see an orc priest, 2 orcs and a hobgoblin.

Vanquished Creatures
  A jelly (D:4)
  An orc priest (D:4)
  2 worms (D:2)
  A dart slug (D:1)
  5 orcs
  2 bats (D:1)
  9 endoplasms
  5 giant cockroaches
  8 goblins
  5 hobgoblins
  7 jackals (D:1)
  5 kobolds
  3 quokkas
  2 ball pythons
  3 frilled lizards
  8 rats
67 creatures vanquished.

Notes
Turn   | Place    | Note
-------+----------+-------------------------------------------
     0 | D:1      | Avanven the Demigod Hunter began the quest for the Orb.
     0 | D:1      | Reached XP level 1. HP: 17/17 MP: 3/3
   158 | D:1      | Reached skill level 4 in Ranged Weapons
   199 | D:1      | Reached XP level 2. HP: 24/24 MP: 4/4
   701 | D:1      | Reached XP level 3. HP: 29/29 MP: 5/5
  1579 | D:2      | Reached skill level 5 in Ranged Weapons
  1934 | D:2      | Gained mutation: Armour fits poorly on your strangely
                  | shaped body. [potion of mutation]
  2720 | D:4      | Found a runed translucent gate.
  2721 | D:4      | Found a runed translucent gate.
  2722 | D:4      | Found a runed translucent gate.
  2730 | D:4      | Identified the +1 scale mail of Aggaoz {Dex+8}
  2735 | D:4      | Reached XP level 4. HP: 20/36 MP: 6/6
  2739 | D:4      | Noticed Prokkis's ghost (amateur DsWn)
  2934 | D:4      | Killed from afar by an orc priest

Illustrated notes

Levels and vault maps discovered:
D:1:      sevenhm_arrival_forest_fort_small_4, layout_rooms,
          dreamdust_ecumenical_altar_grove
D:2:      layout_loops_ring, serial_co_window_serial, co_window_paths_b,
          co_window_paths_a, co_window_of_opportunity_a, co_window_paths_b,
          co_window_paths_b, co_window_cross_3, co_window_paths_c,
          co_window_broadway_a, co_window_corner_b, co_window_sun,
          glass_columns_a, glass_columns_a, glass_columns_a
D:3:      layout_loops_ring, general_overflow_altar, fedhas_altar_fruit_tree,
          lemuel_crystal_altar
D:4:      layout_cave_pools, minmay_overflow_temple_hex,
          biasface_ghost_orc_armoury

Skill      XL: |  1  2  3 |
---------------+----------+-----
Ranged Weapons | 4 5 |  5.8
Fighting       | |  1.7
Dodging        | |  1.7
Stealth        | |  0.8

Action                   |  1- 3 |  4- 6 || total
-------------------------+-------+-------++-------
 Fire: Arbalest          |   124 |     8 ||   132
  Use: Scroll            |     6 |       ||     6
       Potion            |     1 |       ||     1
Armor: Leather armour    |    17 |       ||    17
Dodge: Dodged            |    62 |       ||    62
